 Dungeon Crawl Stone Soup version 0.21.1-1-g345015f (webtiles) character file.

303658 aMcNicky the Formicid Blade (level 22, -17/182 HPs)
             Began as a Formicid Fighter on Mar 20, 2018.
             Was a High Priest of Okawaru.
             Demolished by a stone giant (32 damage)
             ... on level 2 of the Vaults on Mar 21, 2018.
             The game lasted 02:54:26 (46525 turns).

aMcNicky the Formicid Blade (Formicid Fighter)     Turns: 46525, Time: 02:54:27

Health: -17/182    AC: 26    Str: 39    XL:     22   Next: 1%
Magic:  29/29      EV: 13    Int:  9    God:    Okawaru [*****.]
Gold:   2978       SH: 26    Dex: 11    Spells: 21/21 levels left

rFire    + . .     SeeInvis +   a - +7 great sword (freeze)
rCold    + . .     Gourm    +   T - +2 large shield
rNeg     . . .     Faith    .   X - +2 plate armour {rPois}
rPois    +         Spirit   .   (helmet unavailable)
rElec    .         Reflect  .   J - scarf {rC+ rF+}
rCorr    .         Harm     .   e - +2 pair of gloves
MR       +++..                  L - +1 pair of boots {run}
Stlth    ..........             I - amulet of the gourmand
HPRegen  0.40/turn              o - ring of protection from magic
MPRegen  0.21/turn              G - +5 ring of strength

@: mighty, quick
A: permanent stasis, dig shafts and tunnels, four strong arms, antennae 3
}: 2/15 runes: serpentine, barnacled
a: Dig, Shaft Self, Heroism, Finesse, Renounce Religion


You were on level 2 of the Vaults.
You worshipped Okawaru.
Okawaru was extremely pleased with you.
You were very full.

You visited 7 branches of the dungeon, and saw 34 of its levels.

You collected 2978 gold pieces.

Inventory:

Hand Weapons
 a - a +7 great sword of freezing (weapon)
 b - a +1 scimitar of flaming
 p - a +3 triple sword of holy wrath
 V - a +0 demon blade of draining
Missiles
 U - 7 tomahawks of dispersal (quivered)
Armour
 e - a +2 pair of gloves (worn)
 J - a scarf of resistance (worn)
 K - a +3 shield of poison resistance
 L - a +1 pair of boots of running (worn)
 T - a +2 large shield (worn)
 X - a +2 plate armour of poison resistance (worn)
 Y - a +3 plate armour of fire resistance
Jewellery
 o - a ring of protection from magic (left hand)
 r - an uncursed ring of poison resistance
 x - an uncursed ring of protection from fire
 G - a +5 ring of strength (right hand)
 I - an amulet of the gourmand (around neck)
 Q - a +4 ring of dexterity
 W - an uncursed ring of protection from cold
Wands
 i - a wand of enslavement (8)
 z - a wand of paralysis (20)
 A - a wand of polymorph (11)
 B - a wand of disintegration (9)
 F - a wand of random effects (58)
 H - a wand of digging (8)
 M - a wand of iceblast (12)
 N - a wand of flame (22)
 P - a wand of scattershot (3)
Scrolls
 g - 13 scrolls of remove curse {@r2}
 h - a scroll of enchant weapon
 l - 4 scrolls of magic mapping
 m - 4 scrolls of enchant armour
 n - 11 scrolls of immolation
 s - 7 scrolls of fog
 u - 9 scrolls of fear
 v - 3 scrolls of amnesia
 w - 2 scrolls of summoning
 y - 2 scrolls of silence
 D - 10 scrolls of identify {@r1}
Potions
 d - 4 potions of cancellation
 j - 10 potions of curing {@q1}
 k - 2 potions of brilliance
 q - 4 potions of agility
 t - 4 potions of flight
 E - 5 potions of magic
 O - 4 potions of mutation
 Z - 3 potions of might
Books
 R - a book of Conjurations

   Spells                             Type                      Level
   a - Magic Dart                     Conjuration                  1
   b - Searing Ray                    Conjuration                  2
   c - Dazzling Spray                 Conjuration/Hexes            3
   d - Fulminant Prism                Conjuration/Hexes            4
   e - Force Lance                    Conjuration/Translocation    4
   f - Iskenderun's Mystic Blast      Conjuration                  4
Comestibles
 f - 61 rations


   Skills:
 + Level 17.2 Fighting
 * Level 21.3 Long Blades
 + Level 17.2 Armour
 - Level 7.8 Dodging
 + Level 16.8 Shields
 - Level 9.7 Invocations


You had 21 spell levels left.
You didn't know any spells.

Dungeon Overview and Level Annotations

Branches:
Dungeon (15/15)            Temple (1/1) D:7            Lair (6/6) D:9
 Shoals (4/4) Lair:4        Snake (4/4) Lair:4        Slime (0/5) Lair:5
    Orc (2/2) D:10            Elf (0/3) Orc:2        Vaults (2/5) D:13
 Depths (0/5) D:15
  Crypt: Vaults:2-3

Altars:
Cheibriados
Dithmenos
Elyvilon
Fedhas
Gozag
Hepliaklqana
Kikubaaqudgha
Makhleb
Nemelex Xobeh
Okawaru
Qazlal
Ru
Sif Muna
Trog
Vehumet
Wu Jian
Yredelemnul
Zin
The Shining One
Jiyva

Shops:
D:10 *}   D:11 !   Orc:1 *   Orc:2 %?(*   Vaults:1 :

Annotations:
D:7 1 runed door
D:11 2 transporters
Lair:3 exclusion: oklob plant
Lair:4 exclusion: oklob plant
Lair:6 exclusion: oklob plant


Innate Abilities, Weirdness & Mutations

You cannot be hasted, slowed, berserked, paralysed or teleported.
You can dig through walls and to a lower floor.
Your four strong arms can wield two-handed weapons with a shield.
You have a pair of large antennae on your head. (SInv)


Message History

You block the vault warden's attack. The vault warden blocks your attack.
The vault warden is moderately wounded.
You block the stone giant's attack.
You chop the vault warden into pieces!!!
You freeze the vault warden!
The vault warden is almost dead.
You hear a shout!
The vault warden hits you with a long sword.
* * * LOW HITPOINT WARNING * * *
The stone giant hits you!
* * * LOW HITPOINT WARNING * * *
The vault warden blocks your attack.
The vault warden is almost dead.
You block the vault warden's attack. The stone giant hits you!!
* * * LOW HITPOINT WARNING * * *
You hear a shout!
You feel very mighty all of a sudden. The stone giant hits you!!
You die...

#... #......
#..... #.....
#.... #....
#...###
#..pC.###
#..@#p..###
#(..#.)†..# {
#...#.......c.
#...#.###.W...
#...### {....
#...# ...
#...# .#
#...## #
#....##


You could see a stone giant and a vault warden.

Vanquished Creatures
  Vashnia (Snake:2)
  Margery (Vaults:2)
  Jorgrun (Snake:4)
  Rupert (D:15)
  A lich (Vaults:2)
  2 sphinxes (Vaults:2)
  The ghost of Fairytaker the Brawler, an adept TrFi of Ashenzari (Snake:4)
  Kirke (D:15)
  Agnes (D:14)
  Ilsuiw (Shoals:3)
  10 nagarajas
  A frost giant (Vaults:1)
  4 vault wardens
  Louise (Shoals:1)
  5 ironheart preservers
  A stone giant (Vaults:2)
  A war gargoyle (Vaults:2)
  An entropy weaver (Vaults:1)
  Nessos (Orc:2)
  16 slime creatures
  3 merfolk javelineers (Shoals:3)
  An ettin (Orc:2)
  10 merfolk impalers
  Josephine (Shoals:1)
  4 yaktaur captains
  3 ogre magi
  2 great orbs of eyes
  5 hydras
  2 vault guards (D:13)
  A catoblepas (D:13)
  14 naga warriors
  Erica (D:10)
  An anaconda (Snake:3)
  3 alligator snapping turtles (Shoals:3)
  4 merfolk avatars
  3 centaur warriors
  6 satyrs
  4 merfolk aquamancers
  18 two-headed ogres
  10 naga sharpshooters
  A shock serpent (shapeshifter) (Vaults:2)
  9 shock serpents
  2 fire crabs (shapeshifter) (Vaults:1)
  2 deep elf knights (Vaults:2)
  3 hell knights (Vaults:2)
  2 salamander mystics (Snake:3)
  12 sea snakes
  The ghost of soepske the Skirmisher, a novice DsBe of Trog (D:7)
  7 skeletal warriors
  2 unseen horrors
  A flayed ghost (D:15)
  7 deep trolls
  2 deep elf archers
  A glowing orange brain (shapeshifter) (Vaults:1)
  7 ironbrand convokers
  6 wizards
  8 naga ritualists
  5 necromancers
  8 orc knights
  A lindwurm (Snake:3)
  2 orc sorcerers (Vaults:1)
  19 ugly things
  An orb spider (shapeshifter) (D:14)
  8 mana vipers
  9 harpies
  A stone giant zombie (D:15)
  9 deep elf magi
  3 wolf spiders
  6 manticores
  12 cyclopes
  31 fauns
  Maurice (Orc:2)
  10 salamanders
  Joseph (D:9)
  6 centaur zombies
  12 elephants
  5 water nymphs
  A guardian serpent (shapeshifter) (Vaults:2)
  30 black mambas
  11 merfolk sirens
  3 guardian serpents
  2 vault sentinels (Vaults:1)
  A gargoyle (D:11)
  8 naga magi
  24 spiny frogs
  2 kobold demonologists
  7 yaktaurs
  An efreet (D:14)
  4 freezing wraiths
  A rime drake (Lair:3)
  9 komodo dragons
  11 polar bears
  40 merfolk
  13 trolls
  3 meliai (D:13)
  5 hornets
  A blink frog (shapeshifter) (Vaults:1)
  5 wind drakes
  A raiju (Lair:6)
  6 dream sheep (Lair:6)
  25 blink frogs
  A deep troll zombie (D:15)
  2 meliai zombies
  16 hippogriffs
  A spriggan zombie (D:15)
  3 shadows
  5 snapping turtles
  5 redbacks (Lair:6)
  An ice dragon skeleton (D:15)
  2 hogs (D:15)
  12 water elementals
  20 humans (D:13)
  15 wyverns
  A hog (shapeshifter) (D:13)
  Grum (D:9)
  5 wraiths
  5 basilisks
  69 yaks
  2 steam dragons (Lair:4)
  9 vampire mosquitoes
  3 hungry ghosts
  Menkaure (D:4)
  6 wargs (Lair:6)
  44 nagas
  14 hell hounds (Lair:6)
  5 acid dragons
  18 water moccasins
  Duvessa (D:4)
  26 orc warriors
  12 porcupines
  5 ice beasts
  4 sky beasts
  A hornet zombie (D:14)
  29 ogres
  An eye of draining (shapeshifter) (Vaults:1)
  2 necrophages
  A phantom (D:11)
  4 boggarts (Vaults:2)
  2 eyes of draining
  14 black bears
  18 centaurs
  44 wolves
  5 big kobolds
  9 crocodiles
  18 bullfrogs
  A wyvern skeleton (D:9)
  3 scorpions
  28 killer bees
  19 wights
  5 crimson imps
  An electric eel (Lair:5)
  3 howler monkeys
  3 hounds
  5 jellies
  16 orc wizards
  12 orc priests
  4 centaur skeletons
  An iguana (D:14)
  Natasha (D:4)
  Ijyb (D:4)
  6 worker ants
  A hound skeleton (D:8)
  15 adders
  9 gnolls
  A howler monkey skeleton (D:5)
  5 shadow imps
  4 oozes
  An adder zombie (D:9)
  A worm (D:4)
  2 dart slugs
  5 leopard geckos
  84 orcs
  4 giant cockroaches
  4 goblins
  5 hobgoblins
  18 jackals
  17 kobolds
  3 quokkas
  7 bats
  6 frilled lizards
  A jackal skeleton (D:8)
  A jackal zombie (D:7)
  2 leopard gecko skeletons
  A quokka skeleton (D:4)
  8 rats
  4 plants
1365 creatures vanquished.

Vanquished Creatures (others)
  A wizard (D:3)
  A shadow (D:12)
  A wight (D:14)
  A bush (Lair:2)
  22 fungi
  79 plants
  A withered plant (D:15)
106 creatures vanquished.

Grand Total: 1471 creatures vanquished

Notes
Turn   | Place    | Note
-------+----------+-------------------------------------------
     0 | D:1      | aMcNicky the Formicid Fighter began the quest for the Orb.
     0 | D:1      | Reached XP level 1. HP: 18/18 MP: 1/1
    78 | D:1      | Reached XP level 2. HP: 16/24 MP: 2/2
   408 | D:1      | Reached XP level 3. HP: 29/29 MP: 3/3
  1052 | D:2      | Found an ornate altar of the Wu Jian Council.
  1175 | D:2      | Reached skill level 3 in Long Blades
  1175 | D:2      | Reached XP level 4. HP: 31/37 MP: 4/4
  1978 | D:3      | Reached XP level 5. HP: 32/42 MP: 5/5
  2247 | D:3      | Found a bloodstained altar of Trog.
  2248 | D:3      | Noticed a wizard
  2254 | D:3      | Killed a wizard
  2899 | D:4      | Noticed Menkaure
  3002 | D:4      | Reached XP level 6. HP: 43/48 MP: 4/6
  3052 | D:4      | Noticed Natasha
  3067 | D:4      | Killed Natasha
  3067 | D:4      | Reached skill level 4 in Long Blades
  3430 | D:4      | Killed Menkaure
  3430 | D:4      | Reached skill level 5 in Shields
  3596 | D:4      | Noticed Duvessa
  3607 | D:4      | Killed Duvessa
  3607 | D:4      | Reached XP level 7. HP: 53/55 MP: 7/7
  3756 | D:5      | Entered Level 5 of the Dungeon
  3809 | D:5      | Reached skill level 5 in Long Blades
  3909 | D:5      | Reached skill level 5 in Fighting
  3909 | D:5      | Reached skill level 5 in Armour
  4094 | D:5      | Noticed Ijyb
  4141 | D:4      | Killed Ijyb
  4462 | D:5      | Reached XP level 8. HP: 59/62 MP: 6/8
  5232 | D:6      | Reached skill level 6 in Long Blades
  6736 | D:7      | Reached XP level 9. HP: 61/69 MP: 9/9
  6881 | D:7      | Reached skill level 7 in Long Blades
  6913 | D:7      | Reached skill level 1 in Dodging
  6983 | D:7      | Noticed soepske's ghost (novice DsBe)
  7021 | D:7      | Killed soepske's ghost
  7347 | D:7      | Reached skill level 8 in Long Blades
  7681 | D:7      | Found a runed door.
  7681 | D:7      | Noticed a sixfirhy
  7682 | D:7      | Found the +10 Black Knight's horse barding {ponderous, rPois rN+}
  7752 | D:7      | Found a staircase to the Ecumenical Temple.
  7761 | Temple   | Entered the Ecumenical Temple
  7775 | Temple   | Became a worshipper of Warmaster Okawaru
  8102 | D:7      | Reached XP level 10. HP: 79/79 MP: 10/10
  8586 | D:8      | Reached * piety under Okawaru
  8689 | D:8      | Reached skill level 9 in Long Blades
  8689 | D:8      | Reached skill level 1 in Invocations
  9025 | D:9      | Noticed Grum
  9031 | D:9      | Killed Grum
  9418 | D:9      | Noticed a guardian serpent
  9432 | D:9      | Killed a guardian serpent
  9432 | D:9      | Reached ** piety under Okawaru
  9436 | D:9      | Noticed Joseph
  9448 | D:9      | Killed Joseph
  9691 | D:9      | Found a staircase to the Lair.
  9762 | D:9      | Reached XP level 11. HP: 75/86 MP: 10/13
 10103 | D:10     | Entered Level 10 of the Dungeon
 10126 | D:9      | Reached skill level 10 in Long Blades
 10130 | D:9      | Reached *** piety under Okawaru
 10527 | D:10     | Noticed a two-headed ogre
 10536 | D:10     | Killed a two-headed ogre
 10701 | D:10     | Found Unibodgh's Gadget Boutique.
 10894 | D:10     | Found a staircase to the Orcish Mines.
 10992 | D:10     | Noticed Erica
 11021 | D:10     | Killed Erica
 11021 | D:10     | Reached **** piety under Okawaru
 11021 | D:10     | Reached skill level 5 in Invocations
 11038 | D:10     | Found Yclaulid's Serpentskin Sales.
 11226 | Lair:1   | Entered Level 1 of the Lair of Beasts
 11267 | Lair:1   | Reached skill level 11 in Long Blades
 11270 | Lair:1   | Reached XP level 12. HP: 66/95 MP: 11/16
 12061 | Lair:1   | Reached skill level 10 in Shields
 12138 | Lair:1   | Reached ***** piety under Okawaru
 12140 | Lair:1   | Received a gift from Okawaru
 13445 | Lair:1   | Received a gift from Okawaru
 13445 | Lair:1   | Reached skill level 12 in Long Blades
 13545 | Lair:2   | Reached skill level 10 in Fighting
 13861 | Lair:2   | Reached skill level 10 in Armour
 13876 | Lair:2   | Reached XP level 13. HP: 43/103 MP: 18/18
 14464 | Lair:2   | Received a gift from Okawaru
 14919 | Lair:3   | Found an ancient bone altar of Kikubaaqudgha.
 15329 | Lair:3   | Reached skill level 13 in Long Blades
 15472 | Lair:3   | Received a gift from Okawaru
 15622 | Lair:3   | Noticed a seven-headed hydra
 15646 | Lair:3   | Killed a one-headed hydra
 16284 | Lair:4   | Found a staircase to the Snake Pit.
 16618 | Lair:4   | Found a staircase to the Shoals.
 17178 | Lair:4   | Reached XP level 14. HP: 110/113 MP: 20/20
 17370 | Lair:5   | Reached ****** piety under Okawaru
 17749 | Lair:5   | Found a runed door.
 17752 | Lair:5   | Found a viscous altar of Jiyva.
 17756 | Lair:5   | Received a gift from Okawaru
 17767 | Lair:5   | Found a staircase to the Slime Pits.
 17810 | Lair:5   | Reached skill level 14 in Long Blades
 18538 | Lair:6   | Entered Level 6 of the Lair of Beasts
 18714 | Lair:6   | Received a gift from Okawaru
 19429 | Lair:6   | Received a gift from Okawaru
 19624 | Lair:6   | Reached skill level 15 in Long Blades
 19679 | Lair:6   | Reached XP level 15. HP: 109/121 MP: 20/22
 20566 | Lair:6   | Reached XP level 16. HP: 129/129 MP: 23/23
 20568 | Lair:6   | Got a twitching turquoise ring
 20570 | Lair:6   | Identified the ring "Butuosamm" {MP+9 Str+2 Dex+5} (You found it on level 6 of the Lair of Beasts)
 20657 | Lair:6   | Received a gift from Okawaru
 21145 | D:11     | Found Pauchoerph's Distillery.
 21450 | D:11     | Reached skill level 16 in Long Blades
 21816 | D:11     | Found a transporter.
 21889 | D:11     | Found a transporter.
 24138 | D:13     | Reached skill level 5 in Dodging
 24142 | D:13     | Received a gift from Okawaru
 24217 | D:13     | Found a gate to the Vaults.
 24240 | D:13     | Reached XP level 17. HP: 113/137 MP: 17/24
 24535 | D:13     | Received a gift from Okawaru
 25019 | Orc:1    | Entered Level 1 of the Orcish Mines
 25107 | Orc:2    | Entered Level 2 of the Orcish Mines
 25267 | Orc:1    | Found Gufedade's Assorted Antiques.
 25647 | Orc:2    | Noticed Nessos
 25671 | Orc:2    | Killed Nessos
 25702 | Orc:2    | Found a staircase to the Elven Halls.
 25724 | Orc:2    | Reached skill level 17 in Long Blades
 25731 | Orc:2    | Noticed Maurice
 25759 | Orc:2    | Killed Maurice
 26312 | Orc:2    | Found Usyrebyi's Food Shop.
 26339 | Orc:2    | Found Goxeam's Antique Weapon Shop.
 26340 | Orc:2    | Found Uphept's General Store.
 26342 | Orc:2    | Found Assueh's Magic Scroll Boutique.
 27592 | D:14     | Found a white marble altar of Elyvilon.
 28201 | D:15     | Entered Level 15 of the Dungeon
 28218 | D:15     | Noticed Agnes
 28237 | D:14     | Killed Agnes
 28560 | D:15     | Received a gift from Okawaru
 29116 | D:15     | Reached XP level 18. HP: 115/146 MP: 25/25
 29491 | D:15     | Found a staircase to the Depths.
 29491 | D:15     | Noticed Rupert
 29694 | D:15     | Noticed Kirke
 29707 | D:15     | Killed Kirke
 29800 | D:15     | Killed Rupert
 30173 | Snake:1  | Entered Level 1 of the Snake Pit
 31318 | Snake:2  | Noticed Vashnia
 31641 | Snake:2  | Reached skill level 18 in Long Blades
 32684 | Snake:2  | Received a gift from Okawaru
 32816 | Snake:2  | Killed Vashnia
 34001 | Snake:3  | Received a gift from Okawaru
 34858 | Snake:3  | Reached skill level 15 in Armour
 34955 | Snake:4  | Entered Level 4 of the Snake Pit
 34994 | Snake:4  | Reached XP level 19. HP: 151/154 MP: 24/26
 35001 | Snake:4  | Reached skill level 15 in Fighting
 35355 | Snake:4  | Noticed Fairytaker's ghost (adept TrFi)
 35374 | Snake:4  | Killed Fairytaker's ghost
 36504 | Snake:4  | Reached skill level 19 in Long Blades
 36573 | Snake:4  | Received a gift from Okawaru
 37140 | Snake:4  | Noticed Jorgrun
 37153 | Snake:4  | Killed Jorgrun
 37561 | Snake:4  | Got a serpentine rune of Zot
 37808 | Shoals:1 | Entered Level 1 of the Shoals
 38160 | Shoals:1 | Received a gift from Okawaru
 38201 | Shoals:1 | Identified a +1 pair of boots of running (Okawaru gifted it to you on level 1 of the Shoals)
 38504 | Shoals:1 | Noticed Josephine
 38517 | Shoals:1 | Killed Josephine
 38823 | Shoals:1 | Noticed Louise
 38850 | Shoals:1 | Killed Louise
 38850 | Shoals:1 | Reached skill level 15 in Shields
 39039 | Shoals:1 | Reached XP level 20. HP: 142/164 MP: 27/27
 40562 | Shoals:3 | Noticed Ilsuiw
 40610 | Shoals:3 | Killed Ilsuiw
 40687 | Shoals:3 | Received a gift from Okawaru
 40759 | Shoals:3 | Reached skill level 20 in Long Blades
 41804 | Shoals:4 | Entered Level 4 of the Shoals
 43029 | Shoals:4 | Received a gift from Okawaru
 43447 | Shoals:4 | Got a barnacled rune of Zot
 43785 | Vaults:1 | Entered Level 1 of the Vaults
 43944 | Vaults:1 | Reached XP level 21. HP: 172/172 MP: 28/28
 45113 | Vaults:1 | Found Rosiuvea's Book Shoppe.
 45116 | Vaults:1 | Received a gift from Okawaru
 45587 | Vaults:2 | Noticed Margery
 45595 | Vaults:2 | Killed Margery
 45753 | Vaults:2 | Reached skill level 21 in Long Blades
 46502 | Vaults:2 | Reached XP level 22. HP: 63/182 MP: 29/29
 46525 | Vaults:2 | Demolished by a stone giant

Skill      XL: |  1  2  3  4  5  6  7  8  9 10 11 12 13 14 15 16 17 18 19 20 21 |
---------------+----------------------------------------------------------------+-----
Shields        | 4 5 6 7 8 9 10 11 13 14 15 16 | 16.8
Long Blades    | 3 4 5 6 8 9 11 12 13 15 16 17 18 19 20 21 | 21.3
Fighting       | 4 5 6 7 8 9 10 11 12 13 14 15 16 17 | 17.2
Armour         | 4 5 6 7 8 9 10 11 12 13 14 15 16 17 | 17.2
Dodging        | 2 3 4 5 6 7 |  7.8
Invocations    | 3 5 7 9 |  9.7

Action                   |  1- 3 |  4- 6 |  7- 9 | 10-12 | 13-15 | 16-18 | 19-21 | 22-24 || total
-------------------------+-------+-------+-------+-------+-------+-------+-------+-------++-------
Melee: Long sword        |   151 |   133 |   417 |       |       |       |       |       ||   701
       Great sword       |       |       |    14 |   584 |   890 |  1605 |  1614 |    21 ||  4728
       Scimitar          |       |       |       |     6 |    34 |     6 |       |       ||    46
       Triple sword      |       |       |       |       |       |       |     1 |       ||     1
Invok: Heroism           |       |       |       |    10 |     6 |     9 |     5 |       ||    30
       Finesse           |       |       |       |       |     2 |    11 |     7 |       ||    20
 Abil: Dig               |       |     1 |     1 |       |       |       |     4 |       ||     6
Evoke: Wand              |       |       |       |       |       |     3 |    17 |       ||    20
  Use: Scroll            |     2 |       |     6 |       |     7 |     9 |    13 |       ||    37
       Potion            |       |     1 |    12 |     2 |     1 |     5 |     3 |     1 ||    25
 Stab: Distracted        |       |       |       |       |       |     2 |     1 |       ||     3
       Paralysed         |       |       |       |       |       |       |     1 |       ||     1
  Eat: Chunk             |     1 |     6 |     4 |    14 |    39 |    54 |    38 |       ||   156
       Ration            |       |     1 |     3 |     3 |     3 |       |       |       ||    10
Armor: Scale mail        |    15 |       |       |       |       |       |       |       ||    15
       Chain mail        |    72 |    47 |    68 |       |       |       |       |       ||   187
       Plate armour      |       |       |    91 |   275 |   363 |   473 |   348 |     1 ||  1551
       Skin              |       |       |    21 |       |       |       |       |       ||    21
Dodge: Dodged            |    42 |    24 |    95 |   200 |   254 |   436 |   287 |     1 ||  1339
Block: Shield            |    78 |    85 |   295 |   600 |   773 |  1179 |   310 |       ||  3320
       Large shield      |       |       |       |       |       |       |   997 |    12 ||  1009
       Rpst.: Long sword |    14 |     7 |    26 |       |       |       |       |       ||    47
       Great sword       |       |       |       |    65 |    68 |   116 |    42 |       ||   291
       Scimitar          |       |       |       |       |     2 |       |       |       ||     2
